 Dungeon Crawl Stone Soup version 0.20.1-1-g8b1a95d (webtiles) character file.

1038 Zedayar the Grappler (level 8, -7/67 HPs)
             Began as a Troll Monk on Sept 4, 2017.
             Was a Priest of Hepliaklqana.
             Killed from afar by an electric eel (12 damage)
             ... with a bolt of electricity
             ... on level 6 of the Dungeon.
             The game lasted 00:23:10 (5096 turns).

Zedayar the Grappler (Troll Monk)                   Turns: 5096, Time: 00:23:11

Health: -7/67      AC:  8    Str: 22    XL:     8   Next: 4%
Magic:  7/7        EV: 11    Int:  6    God:    Hepliaklqana [***...]
Gold:   331        SH:  0    Dex: 12    Spells: 7/7 levels left

rFire    . . .     SeeInvis .     - Unarmed
rCold    . . .     Gourm    +   (no shield)
rNeg     . . .     Faith    .   a - +0 robe
rPois    .         Spirit   .   (helmet restricted)
rElec    .         Reflect  .   (no cloak)
rCorr    .         Harm     .   (gloves unavailable)
MR       .....                  (boots unavailable)
Stlth    ++........             (no amulet)
Regen    0.7/turn               p - ring of wizardry
MPRegen  0.1/turn               v - +3 ring of protection

@: no status effects
A: unfitting armour, reduced essence, claws 3, fast metabolism 3, gourmand,
regeneration 1, shaggy fur 1, tough skin 2
a: Recall Ancestor, Ancestor Identity, Transference, Renounce Religion


You were on level 6 of the Dungeon.
You worshipped Hepliaklqana.
Hepliaklqana was most pleased with you.
You were not hungry.

You visited 1 branch of the dungeon, and saw 6 of its levels.

You collected 331 gold pieces.

Inventory:

Armour
 a - a +0 robe (worn)
Jewellery
 p - a ring of wizardry (left claw)
 v - a +3 ring of protection (right claw)
Wands
 o - a wand of random effects (34/48)
Scrolls
 g - 4 scrolls of magic mapping {unknown}
 h - 4 scrolls of remove curse {unknown}
 i - 3 scrolls of teleportation {unknown}
 j - 7 scrolls of identify {unknown}
 m - a scroll of fog {unknown}
 q - a scroll of enchant armour {unknown}
 r - a scroll of acquirement {unknown}
 t - a scroll of immolation {unknown}
Potions
 c - 2 potions of invisibility {unknown}
 e - a potion of flight {unknown}
 f - a potion of mutation {unknown}
 k - a potion of degeneration {unknown}
 n - a potion of curing {unknown}
 s - a potion of brilliance {unknown}
Comestibles
 b - 7 bread rations
 d - 6 royal jellies
 l - 5 meat rations


   Skills:
 + Level 3.5 Fighting
 + Level 4.5 Dodging
 - Level 1.0 Stealth
 + Level 8.0 Unarmed Combat


You had 7 spell levels left.
You didn't know any spells.

Dungeon Overview and Level Annotations

Branches:
Dungeon (6/15)
 Temple: D:4-7

Altars:
Elyvilon
Hepliaklqana
Kikubaaqudgha
Nemelex Xobeh
Qazlal
Zin


Innate Abilities, Weirdness & Mutations

You are too large for most types of armour.
You have claws for hands.
Your metabolism is lightning-fast.
You like to eat raw meat.
Your natural rate of healing is unusually fast.
You are covered in fur. (AC +1)
You have very tough skin. (AC +2)
Your life essence is reduced to manifest your ancestor. (-10% HP)


Message History

The electric eel shoots out a bolt of lightning at you!
The bolt of electricity hits you!
The electric eel shoots out a bolt of lightning at you!
The bolt of electricity hits the electric eel.
The electric eel completely resists.
The bolt of electricity hits the plant.
The bolt of electricity hits you!
There is an open door here.
The electric eel shoots out a bolt of lightning at you!
The bolt of electricity hits the plant.
The bolt of electricity hits you!
The electric eel shoots out a bolt of lightning at you!
The bolt of electricity hits you!
* * * LOW HITPOINT WARNING * * *
The electric eel shoots out a bolt of lightning at you!
The bolt of electricity hits the electric eel.
The electric eel completely resists.
The bolt of electricity hits the plant.
The bolt of electricity hits you!
* * * LOW HITPOINT WARNING * * *
The electric eel shoots out a bolt of lightning at you!
The bolt of electricity hits the plant.
The bolt of electricity hits you!
You die...

#.###.....# ##..<.....#
#.#..## #.........#
##.....#.###.##.#.
#####.#####
##...##.........# #.#
######'#######.##### #.#
#......# #.#
##.#######.###..# #.#
##..##.....####..## #.#
#...########.##...## #.#
##'##≈.?P..#.@#....# #.#
#.#≈;.;P..'#.#...######.#
#.#≈!≈.....#.#..........#
#.#≈≈≈.P...#≈##.#########
#≈##;!$≈R.##≈≈#.#
##≈##########≈###
##≈##≈).P. #..# #.#;;≈≈P.
+#.# #.#≈./P.. #≈#


You could see an electric eel.

Vanquished Creatures
  The ghost of StylePro the Chopper, a novice DDFi (D:4)
  An orc warrior (D:6)
  A centaur (D:4)
  An ogre (D:6)
  A bullfrog (D:3)
  A crimson imp (D:6)
  2 orc priests
  A hound (D:6)
  A worker ant (D:6)
  A worker ant zombie (D:6)
  5 adders
  An ooze (D:1)
  An adder zombie (D:6)
  3 worms
  4 dart slugs
  3 leopard geckos
  6 orcs
  A ball python (D:4)
  6 bats
  4 giant cockroaches
  6 goblins
  8 hobgoblins
  9 jackals
  6 kobolds
  3 quokkas
  4 frilled lizards
  7 rats
  2 rat zombies (D:3)
90 creatures vanquished.

Vanquished Creatures (collateral kills)
  A centaur skeleton (D:4)
  A bullfrog skeleton (D:6)
  An adder (D:3)
  A hobgoblin (D:3)
  3 jackals
  A kobold (D:3)
  A frilled lizard (D:4)
  A quokka skeleton (D:4)
10 creatures vanquished.

Grand Total: 100 creatures vanquished

Notes
Turn   | Place    | Note
-------+----------+-------------------------------------------
     0 | D:1      | Zedayar the Troll Monk began the quest for the Orb.
     0 | D:1      | Reached XP level 1. HP: 22/22 MP: 0/0
    17 | D:1      | Reached XP level 2. HP: 22/29 MP: 1/1
   320 | D:1      | Reached XP level 3. HP: 34/36 MP: 2/2
   969 | D:2      | Found a sparkling altar of Nemelex Xobeh.
  1140 | D:2      | Found a stormy altar of Qazlal.
  1195 | D:2      | Reached XP level 4. HP: 45/45 MP: 3/3
  1348 | D:2      | Reached skill level 4 in Unarmed Combat
  1349 | D:2      | Found a white marble altar of Elyvilon.
  1488 | D:2      | Found a hazy altar of Hepliaklqana.
  1499 | D:2      | Became a worshipper of Hepliaklqana the Forgotten
  1499 | D:2      | Reached * piety under Hepliaklqana
  1499 | D:2      | Reached ** piety under Hepliaklqana
  1506 | D:2      | Remembered your ancestor Jabu as a hexer
  1707 | D:3      | Found an ancient bone altar of Kikubaaqudgha.
  1814 | D:3      | Found a glowing silver altar of Zin.
  2251 | D:3      | Noticed a bullfrog
  2255 | D:3      | Killed a bullfrog
  2255 | D:3      | Reached XP level 5. HP: 40/47 MP: 4/4
  2399 | D:4      | Noticed a centaur
  2409 | D:4      | Noticed StylePro's ghost (novice DDFi)
  2414 | D:4      | Killed a centaur
  2414 | D:4      | Reached skill level 5 in Unarmed Combat
  2414 | D:4      | Reached XP level 6. HP: 32/54 MP: 5/5
  2429 | D:4      | Killed StylePro's ghost
  2429 | D:4      | Reached skill level 6 in Unarmed Combat
  2429 | D:4      | Reached XP level 7. HP: 9/60 MP: 6/6
  3111 | D:4      | Reached *** piety under Hepliaklqana
  3718 | D:5      | Entered Level 5 of the Dungeon
  3791 | D:5      | Reached skill level 7 in Unarmed Combat
  5043 | D:6      | Reached skill level 8 in Unarmed Combat
  5043 | D:6      | Reached XP level 8. HP: 67/67 MP: 7/7
  5096 | D:6      | Killed from afar by an electric eel

Skill      XL: |  1  2  3  4  5  6  7 |
---------------+----------------------+-----
Fighting       | 3 |  3.5
Unarmed Combat | 4 5 6 8 |  8.0
Dodging        | 3 4 |  4.5
Stealth        | |  1.0

Action                   |  1- 3 |  4- 6 |  7- 9 || total
-------------------------+-------+-------+-------++-------
Melee: Unarmed           |    98 |    88 |    72 ||   258
       Punch             |       |     1 |     1 ||     2
Invok: Ancestor Life: He |       |     1 |       ||     1
       Ancestor Identity |       |     1 |       ||     1
       Recall Ancestor   |       |       |     1 ||     1
 Stab: Sleeping          |     1 |     1 |     1 ||     3
       Distracted        |       |       |     1 ||     1
  Eat: Chunk             |    16 |    11 |    17 ||    44
Armor: Robe              |    42 |    17 |    27 ||    86
Dodge: Dodged            |    67 |    35 |    33 ||   135
